 Dungeon Crawl Stone Soup version 0.30.0-29-ga12c61a403 (webtiles) character file.

Game seed: 13466934156102423691

86 cheesebisquit the Grasshopper (level 4, -3/23 HPs)
             Began as a Spriggan Warper on June 4, 2023.
             Slain by Pargi (5 damage)
             ... on level 2 of the Dungeon.
             The game lasted 00:09:37 (2659 turns).

cheesebisquit the Grasshopper (Spriggan Warper)     Turns: 2659, Time: 00:09:38

Health: -3/23      AC:  2    Str:  4 (7)  XL:     4   Next: 26%
Magic:  9/9        EV: 17    Int: 11 (14) God:
Gold:   130        SH:  0    Dex: 14 (16) Spells: 8/8 levels left

rFire   . . .        a - +2 short sword
rCold   . . .        (no shield)
rNeg    . . .        j - +0 robe
rPois   .            (helmet restricted)
rElec   .            (no cloak)
rCorr   .            (gloves unavailable)
SInv    +            (boots unavailable)
Will    .....        (no amulet)
Stlth   ++           (no ring)
HPRegen 0.23/turn    (no ring)
MPRegen 0.11/turn

%: no passive effects
@: very quick
A: very small, no large weapons, unfitting armour, see invisible, speed 3
a: no special abilities


You were on level 2 of the Dungeon.
You visited 1 branch of the dungeon, and saw 3 of its levels.

You collected 130 gold pieces.

Inventory:

Hand Weapons
 a - a +2 short sword (weapon)
 b - a +0 sling
Missiles
 d - 3 boomerangs of dispersal (quivered)
Armour
 j - a +0 robe (worn)
 l - a +0 pair of gloves
Scrolls
 e - a scroll of magic mapping {unknown}
 h - a scroll of poison {unknown}
 i - a scroll of summoning {unknown}
 m - a scroll of vulnerability {unknown}


   Skills:
 + Level 2.0 Fighting
 * Level 4.4 Short Blades
 - Level 1.0 Throwing
 - Level 3.2 Dodging
 + Level 2.2 Stealth
 - Level 2.6 Spellcasting
 - Level 4.4 Translocations


You had 8 spell levels left.
You didn't know any spells.
Your spell library contained the following spells:

 Spells                   Type           Power      Damage    Failure   Level
 Blink                    Tloc           22%        N/A       7%          2
 Lesser Beckoning         Tloc           22%        N/A       7%          2
 Teleport Other           Tloc           11%        N/A       14%         3
 Vhi's Electric Charge    Tloc/Air       12%        N/A       32%         3
 Manifold Assault         Tloc           11%        N/A       41%         4


Dungeon Overview and Level Annotations

Branches:
Dungeon (3/15)

Altars:
Gozag
Kikubaaqudgha

Annotations:
D:2 Pargi
D:3 Terence


Innate Abilities, Weirdness & Mutations

You are very small and have problems with some larger weapons.
You are too small for most types of armour.
You have supernaturally acute eyesight. (SInv)
You cover ground extremely quickly. (Speed+++)


Message History

Pargi is heavily wounded.
Pargi barely misses you. Pargi claws you. Pargi closely misses you.
You closely miss Pargi.
Pargi is heavily wounded.
Pargi hisses, "I bite!"
Pargi closely misses you. Pargi misses you. Pargi claws you.
You hit Pargi.
Pargi is heavily wounded.
Pargi closely misses you. Pargi completely misses you. Pargi claws you.
You hit Pargi.
Pargi is severely wounded.
Pargi closely misses you. Pargi completely misses you. Pargi misses you.
You hit Pargi.
Pargi is severely wounded.
You hit Pargi but do no damage.
Pargi is severely wounded.
Pargi bites you. Pargi claws you. Pargi claws you but does no damage.
Hit: a) +2 short sword
Press: ? - help, Dir - move target, f - Pargi
Aim: Pargi (severely wounded, about 40% to evade your +2 short sword)
Okay, then.
Throw: 5 boomerangs (disperse)
Press: ? - help, Q - select action Shift-Dir - straight line, f - Pargi
Aim: Pargi (severely wounded, 51% to hit)
You throw a boomerang of dispersal.
The boomerang of dispersal barely misses Pargi.
Pargi bites you.
* * * LOW HITPOINT WARNING * * *
Pargi claws you.
* * * LOW HITPOINT WARNING * * *
Pargi misses you. Pargi bites you.
* * * LOW HITPOINT WARNING * * *
Pargi misses you. x2
Throw: 4 boomerangs (disperse)
Press: ? - help, Q - select action Shift-Dir - straight line, f/p - Pargi
Aim: Pargi (heavily wounded, 51% to hit)
You throw a boomerang of dispersal.
The boomerang of dispersal barely misses Pargi.
Pargi bites you.
You die...

.#.....#..#.#.#
###.........#.#
#####.##.####.#
............#.##########
............#.##.......#
.###........#.##.#####.#
.# #.........#......##.#
.###........#.##.##.##.#
............####@##.##.#
##.##.......# #.T.....#
#.########## #.#######
##.######## #.#
.<........# #.#
##..#####.# #.# ##..#
#.# #.# ##..# #.######.#
###.# #.##.....#


You could see Pargi.

Vanquished Creatures
  2 adders (D:2)
  A dart slug (D:2)
  An orc (D:3)
  5 endoplasms
  7 giant cockroaches
  4 goblins
  7 hobgoblins
  8 jackals
  4 quokkas
  2 ball pythons
  5 bats
  3 kobolds
  5 rats
54 creatures vanquished.

Notes
Turn   | Place    | Note
-------+----------+-------------------------------------------
     0 | D:1      | cheesebisquit the Spriggan Warper began the quest for the
                  | Orb.
     0 | D:1      | Reached XP level 1. HP: 10/10 MP: 5/5
   210 | D:1      | Reached XP level 2. HP: 14/14 MP: 6/6
   314 | D:1      | Found a faded altar of an unknown god.
  1051 | D:2      | Reached XP level 3. HP: 12/18 MP: 8/8
  1135 | D:2      | Found an opulent altar of Gozag.
  1165 | D:2      | Reached skill level 1 in Stealth
  1707 | D:2      | Reached XP level 4. HP: 23/23 MP: 9/9
  1923 | D:3      | Found an ancient bone altar of Kikubaaqudgha.
  1968 | D:3      | Noticed Terence
  2155 | D:3      | Noticed Pargi
  2659 | D:2      | Slain by Pargi

Illustrated notes

Levels and vault maps discovered:
D:1:      eino_arrival_druids_welcome, layout_loops_cross,
          ebering_ecumenical_altar_hall, minmay_misc_feat_four_crosses,
          minmay_worlds_worst_comb
D:2:      layout_loops_cross, basic_altar
D:3:      layout_loops_ring, mainiacjoe_overflow_cross_hatched,
          minmay_goblin_kobold_house, uniq_pargi, uniq_terence

Skill      XL: |  1  2  3  4 |
---------------+-------------+-----
Short Blades   | 3 4 |  4.4
Stealth        | 2 |  2.2
Fighting       | 2 |  2.0
Throwing       | |  1.0
Dodging        | |  3.2
Spellcasting   | |  2.6
Translocations | |  4.4

Action                     |  1- 3 |  4- 6 || total
---------------------------+-------+-------++-------
  Melee: Short sword       |   215 |    98 ||   313
         Punch             |     2 |       ||     2
   Fire: Sling             |    28 |       ||    28
  Throw: Dart              |       |     5 ||     5
         Boomerang         |       |     4 ||     4
  Evoke: Wand              |       |     2 ||     2
    Use: Potion            |     2 |     1 ||     3
         Scroll            |       |     3 ||     3
   Stab: Sleeping          |     2 |       ||     2
 Armour: Robe              |    21 |    20 ||    41
  Dodge: Dodged            |   151 |   115 ||   266
